 Dungeon Crawl Stone Soup version 0.16-a0-3976-g683f154 (webtiles) character file.

40 timbw the Caller (level 3, 0/14 HPs)
             Began as a Felid Summoner on Feb 11, 2015.
             Slain by a kobold
             ... wielding a +0 dagger
              (4 damage)
             ... on level 3 of the Dungeon.
             The game lasted 00:03:10 (514 turns).

timbw the Caller (Felid Summoner)                    Turns: 514, Time: 00:03:10

Health: 0/14       AC:  1    Str:  4    XL:     3   Next: 30%
Magic:  4/8        EV: 18    Int: 17    God:
Gold:   78         SH:  0    Dex: 16    Spells: 3 memorised, 1 level left
                                        Lives:  0   Deaths: 0

rFire  . . .     SeeInvis +     (weapon unavailable)
rCold  . . .     Clarity  .     (armour unavailable)
rNeg   . . .     SustAb   .     (shield unavailable)
rPois  .         Gourm    .     (helmet unavailable)
rElec  .         Spirit   .     (cloak unavailable)
rCorr  .         Warding  .     (gloves unavailable)
rMut   .         Stasis   .     (boots unavailable)
MR     .....                    (no amulet)
Stlth  +++.......               (no ring)
                                (no ring)

@: quick, not resistant to hostile enchantments, fairly stealthy
A: paw claws, no armour, no weapons or thrown items, fangs 3, see invisible,
carnivore 3, speed 1, shaggy fur 1, slow metabolism 1, sharp paws
a: no special abilities


You were on level 3 of the Dungeon.
You were full.

You visited 1 branch of the dungeon, and saw 3 of its levels.

You collected 78 gold pieces.

Inventory:

Scrolls
 a - a scroll of teleportation {unknown}
 e - a scroll of magic mapping {unknown}
 f - a scroll of enchant weapon {unknown}
Potions
 d - a potion of magic {unknown}
 h - a potion of agility {unknown}
Books
 b - a book of Callings

   Spells                             Type                      Level
   a - Summon Small Mammal            Summoning                    1
   b - Call Imp                       Summoning                    2
   c - Call Canine Familiar           Summoning                    3
   d - Summon Guardian Golem          Hexes/Summoning              4
   e - Summon Lightning Spire         Summoning/Air                4
   f - Summon Ice Beast               Ice/Summoning                4
Comestibles
 c - a meat ration
 g - 3 chunks of flesh


   Skills:
 - Level 2.6 Dodging
 - Level 2.6 Stealth
 + Level 2.8 Spellcasting
 + Level 4.6 Summonings


You had one spell level left.
You knew the following spells:

 Your Spells              Type           Power        Failure   Level  Hunger
a - Summon Small Mammal   Summ           ###.         2%          1    #......
b - Call Imp              Summ           ###.....     4%          2    ##.....
c - Call Canine Familiar  Summ           ###.....     10%         3    ###....


Dungeon Overview and Level Annotations

Branches:
Dungeon (3/15)

Altars:


Innate Abilities, Weirdness & Mutations

You cannot wear armour.
You are incapable of wielding weapons or throwing items.
You have razor-sharp teeth.
You have supernaturally acute eyesight.
You are carnivorous and can eat meat at any time.
You cover ground quickly.
You are covered in fur (AC +1).
You have a slow metabolism.
Your paws have sharp claws that are effective at stabbing.


Message History

Your hound closely misses the hobgoblin.
The hobgoblin hits you with a club.
* * * LOW HITPOINT WARNING * * *
You swap places.
Your hound bites the hobgoblin.
The hobgoblin dies!
You swap places.
Things that are here:
a club; a hobgoblin corpse You butcher the hobgoblin corpse.
g - 3 chunks of flesh You see here a club.
Found a white potion.
A kobold comes into view. It is wielding a dagger.
The kobold shouts!
Found 10 gold pieces and a leather armour.
A ball python comes into view.
You see here a white potion.
h - a white potion The ball python moves out of view.
The kobold hits you with a dagger.
You die...

###. ## ..... #.. # #
....# #. #.# #..#.[..##.
#.##.### .#........
#......# .........
#......########.K.....$#
#.........5...h@....#
##.....#########........
#.....# ....... ###5###
####... #.# #. #)# ###
#.#### .S# #....# #.#
####.# #.#


You could see a kobold, a friendly hound and a friendly shadow imp.

Vanquished Creatures
  2 gnolls (D:2)
  An ooze (D:1)
  A giant cockroach (D:1)
  2 kobolds (D:1)
  A quokka (D:2)
  A bat (D:2)
  A rat (D:1)
9 creatures vanquished.

Vanquished Creatures (collateral kills)
  2 gnolls (D:2)
  An orc (D:3)
  A bat (D:2)
  A goblin (D:3)
  4 hobgoblins
  A kobold (D:1)
  A giant cockroach (D:2)
  2 rats
13 creatures vanquished.

Vanquished Creatures (others)
  A shadow imp (D:2)
  2 bats (D:1)
3 creatures vanquished.

Grand Total: 25 creatures vanquished

Notes
Turn   | Place    | Note
--------------------------------------------------------------
     0 | D:1      | timbw, the Felid Summoner, began the quest for the Orb.
     0 | D:1      | Reached XP level 1. HP: 7/7 MP: 4/4
   165 | D:1      | Reached XP level 2. HP: 6/11 MP: 3/6
   171 | D:1      | Learned a level 2 spell: Call Imp
   253 | D:2      | Reached XP level 3. HP: 10/14 MP: 1/8
   258 | D:2      | Learned a level 3 spell: Call Canine Familiar
   514 | D:3      | Slain by a kobold

Action                   || total
-------------------------++-------
Melee: Unarmed           ||    31
 Cast: Summon Small Mamm ||    11
       Call Imp          ||     7
       Call Canine Famil ||     3
 Stab: Sleeping          ||     2
       Distracted        ||     1
  Eat: Chunk             ||     5
